 Dungeon Crawl Stone Soup version 0.21-a0-442-g848f44b3bc (webtiles) character file.

975 Chiseanne the Skirmisher (level 7, 0/56 HPs)
             Began as a Demonspawn Wanderer on Nov 17, 2017.
             Was a Follower of Makhleb.
             Killed from afar by an electric eel (12 damage)
             ... with a bolt of electricity
             ... on level 6 of the Dungeon.
             The game lasted 00:11:36 (4291 turns).

Chiseanne the Skirmisher (Demonspawn Wanderer)      Turns: 4291, Time: 00:11:37

Health: 0/56       AC: 12    Str: 13    XL:     7   Next: 95%
Magic:  10/10      EV: 10    Int: 15    God:    Makhleb [*.....]
Gold:   350        SH:  4    Dex: 12    Spells: 9/10 levels left

rFire    . . .     SeeInvis .   q - +0 hunting sling (flame)
rCold    . . .     Gourm    .   z - +0 buckler
rNeg     . . .     Faith    .   k - +2 scale mail
rPois    .         Spirit   .   (no helmet)
rElec    .         Reflect  .   (no cloak)
rCorr    .         Harm     .   K - +0 pair of gloves (curse)
MR       .....                  M - +1 pair of boots
Stlth    ..........             (no amulet)
HPRegen  0.18/turn              (no ring)
MPRegen  0.12/turn              (no ring)

@: no status effects
A: claws 2, powered by death 1, spiny 1
a: Renounce Religion


You were on level 6 of the Dungeon.
You worshipped Makhleb.
Makhleb was aware of your devotion.
You were not hungry.

You visited 1 branch of the dungeon, and saw 6 of its levels.

You collected 350 gold pieces.

Inventory:

Hand Weapons
 a - a +1 whip of electrocution
 d - a +2 war axe of venom
 q - a +0 hunting sling of flaming (weapon)
 s - a +2 dagger of speed
 w - a +0 blowgun
 y - a +0 long sword of distortion
 F - a +2 hand axe of freezing
 N - the cursed +2 hunting sling of the First Eyes {speed, MP+9, unknown}
   (You found it on level 5 of the Dungeon)

   Attacks with this weapon are significantly faster.
   It affects your magic capacity (+9).
   It has a curse placed upon it.
Missiles
 c - 36 poisoned needles
 h - 11 tomahawks
 l - 220 stones (quivered)
 m - 86 sling bullets
 p - 28 arrows
 G - 14 bolts
 I - 4 steel javelins
Armour
 k - a +2 scale mail (worn)
 z - a +0 buckler (worn)
 K - a cursed +0 pair of gloves (worn)
 M - a +1 pair of boots (worn)
Jewellery
 J - a +2 ring of protection {unknown}
Scrolls
 e - 3 scrolls of remove curse
 H - 2 scrolls of teleportation
Potions
 g - a potion of mutation {unknown}
 i - a potion of might {unknown}
 j - a potion of flight {unknown}
 n - 3 potions of curing
 o - a potion of magic {unknown}
 r - 3 potions of haste
 u - a potion of degeneration {unknown}
 v - 2 potions of brilliance {unknown}
 x - a potion of heal wounds {unknown}
 B - a potion of lignification {unknown}
 C - 2 potions of berserk rage {unknown}
 D - a potion of invisibility {unknown}
 E - 2 potions of agility {unknown}
Books
 b - the Collected Works on Translocation

   Spells                             Type                      Level
   a - Apportation                    Translocation                1
   b - Portal Projectile              Hexes/Translocation          3
Comestibles
 f - 2 bread rations
 t - 2 royal jellies
 A - 6 meat rations
 L - 2 chunks of flesh


   Skills:
 * Level 5.3 Fighting
 - Level 2.7 Throwing
 * Level 4.5 Armour
 - Level 2.4 Dodging
 - Level 1.0 Stealth
 * Level 3.3 Shields
 - Level 2.0 Spellcasting
   Level 1.0 Conjurations
   Level 1.7 Charms


You had 9 spell levels left.
You knew the following spells:

 Your Spells              Type           Power        Failure   Level  Hunger
a - Apportation           Tloc           #.....       71%         1    #......


Dungeon Overview and Level Annotations

Branches:
Dungeon (6/15)
 Temple: D:4-7

Altars:
Fedhas
Makhleb
Xom

Annotations:
D:3 haldagan's ghost, amateur BaHu


Innate Abilities, Weirdness & Mutations

You have very sharp fingernails.
You regenerate a little health from kills.
You are partially covered in sharp spines.


Message History

Firing (i - inventory. (,) - cycle):
l - 222 stones (quivered)
Press: ? - help, Shift-Dir - straight line, f/p - electric eel
Aim: an electric eel (severely wounded, poisoned)
You shoot a stone.
The stone barely misses the electric eel.
You hear a splash.
The electric eel shoots out a bolt of lightning at you!
The bolt of electricity hits you!
The electric eel shoots out a bolt of lightning at you!
The bolt of electricity hits you!
* * * LOW HITPOINT WARNING * * *
Firing (i - inventory. (,) - cycle):
l - 221 stones (quivered)
Press: ? - help, Shift-Dir - straight line, f/p - electric eel
Aim: an electric eel (severely wounded, poisoned)
You shoot a stone.
The stone closely misses the electric eel.
You hear a splash.
The electric eel shoots out a bolt of lightning at you!
The bolt of electricity hits you!
You die...

#.... #.#.##.# ###### #.#.#
##......# #...# #.......#
#...# #.##.##.# #########...#
#.##.....# #......###.##
#.#####..#
#.####.###†#######.#####..#
....##.#).).†...............
..........######@#.##########
..#.##.#.#######(#(# ..
...###......((.# ........
...(............ ........
..............(. ≈≈≈≈≈≈≈≈
..K≈≈.≈;(≈≈≈.≈..
≈≈≈≈≈≈≈≈.o..≈≈≈≈≈≈≈(≈≈≈≈≈
≈≈≈≈≈≈≈ ....≈≈≈≈≈≈≈≈≈≈≈≈
...≈≈≈≈≈≈≈≈≈≈≈≈≈


You could see an electric eel.

Vanquished Creatures
  2 sky beasts
  An ogre (D:3)
  A phantom (D:4)
  A bullfrog (D:6)
  A crimson imp (D:4)
  2 centaur zombies
  3 orc wizards
  2 orc priests
  A hound (D:4)
  An iguana (D:5)
  2 worker ants
  A hound skeleton (D:3)
  A worker ant zombie (D:3)
  8 adders
  An ooze (D:1)
  An adder skeleton (D:3)
  A worm (D:2)
  6 dart slugs
  6 leopard geckos
  13 orcs
  6 giant cockroaches
  16 goblins
  9 hobgoblins
  12 kobolds
  A ball python skeleton (D:4)
  6 bats
  2 frilled lizards
  A giant cockroach zombie (D:3)
  2 quokka skeletons
  4 rats
114 creatures vanquished.

Notes
Turn   | Place    | Note
-------+----------+-------------------------------------------
     0 | D:1      | Chiseanne the Demonspawn Wanderer began the quest for the Orb.
     0 | D:1      | Chiseanne set off with: a +2 scale mail, the Collected Works on Translocation, 10 poisoned needles, a +0 blowgun, a bread ration
     0 | D:1      | Reached XP level 1. HP: 16/16 MP: 3/3
     0 | D:1      | Identified the Collected Works on Translocation
     2 | D:1      | Learned a level 1 spell: Apportation
   153 | D:1      | Gained mutation: You have sharp fingernails. [demonic ancestry]
   153 | D:1      | Reached XP level 2. HP: 18/22 MP: 5/5
   492 | D:1      | Reached skill level 1 in Dodging
   515 | D:1      | Reached XP level 3. HP: 24/28 MP: 6/6
  1387 | D:2      | Gained mutation: You regenerate a little health from kills. [demonic ancestry]
  1387 | D:2      | Reached XP level 4. HP: 27/34 MP: 7/7
  1715 | D:2      | Found a blossoming altar of Fedhas.
  1875 | D:3      | Noticed haldagan's ghost (amateur BaHu)
  2044 | D:3      | Reached skill level 3 in Fighting
  2099 | D:3      | Noticed an ogre
  2108 | D:3      | Killed an ogre
  2108 | D:3      | Gained mutation: You have very sharp fingernails. [demonic ancestry]
  2108 | D:3      | Reached XP level 5. HP: 22/41 MP: 8/8
  2463 | D:4      | Gained mutation: You are partially covered in sharp spines. [demonic ancestry]
  2463 | D:4      | Reached XP level 6. HP: 24/47 MP: 9/9
  2586 | D:4      | Reached skill level 1 in Shields
  2814 | D:3      | Reached skill level 4 in Fighting
  3127 | D:4      | Found a burning altar of Makhleb.
  3128 | D:4      | Found a shimmering altar of Xom.
  3135 | D:4      | Became a worshipper of Makhleb the Destroyer
  3264 | D:4      | Reached XP level 7. HP: 49/54 MP: 10/10
  3352 | D:5      | Entered Level 5 of the Dungeon
  3917 | D:5      | Got an ivory hunting sling
  4092 | D:6      | Reached skill level 5 in Fighting
  4156 | D:6      | Reached * piety under Makhleb
  4291 | D:6      | Killed from afar by an electric eel

Vault maps used:
D:1:      scummos_arrival_forest
D:2:      fedhas_altar_4, minmay_misc_feat_x
D:3:      serial_undead, serial_undead_d, serial_undead_c, serial_undead_e,
          serial_undead_d, first_bread, minmay_ogre_servants
D:4:      grunt_temple_overflow_champion_of_chaos
D:6:      minmay_goblin_kobold_castle, lemuel_crystal_altar,
          gup_sewer_entry_bowl, serial_shops, shop, uniq_duvessa

Skill      XL: |  1  2  3  4  5  6  7 |
---------------+----------------------+-----
Dodging        | 1 2 |  2.4
Armour         | 2 3 4 |  4.5
Throwing       | 2 |  2.7
Fighting       | 3 4 5 |  5.3
Shields        | 1 3 |  3.3
Stealth        | |  1.0
Spellcasting   | |  2.0
Conjurations   | |  1.0
Charms         | |  1.7

Action                   |  1- 3 |  4- 6 |  7- 9 || total
-------------------------+-------+-------+-------++-------
Melee: Dagger            |    87 |    32 |       ||   119
       Spear             |    70 |       |       ||    70
       Whip              |     7 |   119 |    67 ||   193
 Fire: Blowgun           |     3 |       |     9 ||    12
       Hunting sling     |       |       |     2 ||     2
  Use: Scroll            |     2 |     5 |     3 ||    10
  Eat: Chunk             |     2 |     6 |     3 ||    11
Armor: Scale mail        |    79 |    70 |    45 ||   194
Dodge: Dodged            |    81 |    67 |    33 ||   181
Block: Buckler           |       |    18 |    15 ||    33

Table legend:
 A = Spawn XP
 B = Non-spawn XP
 C = Spawn XP percentage of total XP
 D = Spawn monster count
 E = Non-spawn monster count
 F = Spawn count percentage of total count
 G = Total turns spent on level
                    A         B        C        D         E        F      G
               +---------+---------+-------+---------+---------+-------+---------
         Total |       0 |    1394 |   0.0 |       0 |     114 |   0.0 |  4291
               +---------+---------+-------+---------+---------+-------+---------
           D:1 |       0 |      57 |   0.0 |       0 |      25 |   0.0 |   982
           D:2 |       0 |      93 |   0.0 |       0 |      23 |   0.0 |   933
           D:3 |       0 |     294 |   0.0 |       0 |      29 |   0.0 |   699
           D:4 |       0 |     405 |   0.0 |       0 |      17 |   0.0 |   738
           D:5 |       0 |     276 |   0.0 |       0 |      10 |   0.0 |   730
           D:6 |       0 |     269 |   0.0 |       0 |      10 |   0.0 |   209
               +---------+---------+-------+---------+---------+-------+---------
